 Dungeon Crawl Stone Soup version 0.29-a0-648-g6b26cc9f40 (webtiles) character file.

Game seed: 11415715351457651396

947 dolemite99 the Cleaver (level 7, -5/75 HPs)
             Began as a Demonspawn Gladiator on June 21, 2022.
             Slain by Duvessa
             ... wielding a +0 short sword
              (12 damage)
             ... on level 5 of the Dungeon.
             The game lasted 00:03:57 (5538 turns).

dolemite99 the Cleaver (Demonspawn Gladiator)       Turns: 5538, Time: 00:03:58

Health: -5/75      AC: 23    Str: 16    XL:     7   Next: 89%
Magic:  7/7        EV:  2    Int: 10    God:
Gold:   222        SH:  0    Dex: 14    Spells: 6/6 levels left

rFire   . . .      SeeInvis .   a - +0 war axe (drain)
rCold   . . .      Faith    .   (no shield)
rNeg    . . .      Spirit   .   (body armour currently unavailable)
rPois   +          Reflect  .   (helmet currently unavailable)
rElec   .          Harm     .   (cloak currently unavailable)
rCorr   .          Rampage  .   (gloves currently unavailable)
Will    .....      NoTele   +   (boots currently unavailable)
Stlth   +.........              (no amulet)
HPRegen 0.22/turn               (no ring)
MPRegen 0.10/turn               (no ring)

@: tree-form
A: stationary, stasis, torment immunity, boosted hp, (antennae 1), (claws 1),
demonic magic 1, (weakness stinger 1)
a: no special abilities


You were on level 5 of the Dungeon.
You were a tree.
You visited 1 branch of the dungeon, and saw 6 of its levels.

You collected 222 gold pieces.

Inventory:

Hand Weapons
 a - a +0 war axe of draining (weapon)
 x - the +7 rapier "Yvuhent" {vorpal, Int+5}
   (You found it on level 6 of the Dungeon)

   It inflicts extra damage upon your enemies.
   Int:       It affects your intelligence (+5).
Missiles
 d - 3 throwing nets (quivered)
 e - a javelin
 y - 14 stones
Armour
 b - a +0 leather armour
 c - a +1 helmet
 j - a +0 scale mail (melded)
 p - a +0 pair of gloves (melded)
 r - a +0 kite shield
 u - the +7 swamp dragon scales "Haploaz" {rPois Slay+5}
   (You found it on level 4 of the Dungeon)

   Slay:      It affects your accuracy & damage with ranged weapons and melee
   (+5).
   rPois:     It protects you from poison.
Jewellery
 q - a +6 ring of strength
Scrolls
 f - a scroll of blinking
 i - a scroll of vulnerability
 m - a scroll of amnesia
 n - a scroll of teleportation
 t - a scroll of noise
 v - a scroll of identify {@r1}
 w - a scroll of immolation {unknown}
 B - a scroll of fear {unknown}
Potions
 g - 2 potions of mutation
 k - a potion of resistance
 o - 4 potions of brilliance
 s - a potion of cancellation
 z - a potion of haste {unknown}
 A - a potion of degeneration {unknown}


   Skills:
 - Level 2.0 Fighting
 + Level 8.8 Axes
 - Level 1.7 Throwing
 - Level 2.6 Dodging


You had 6 spell levels left.
You didn't know any spells.
Your spell library contained the following spells:

 Spells                   Type           Power      Damage    Failure   Level
 Conjure Flame            Conj/Fire      0%         6-21      75%         3
 Ignite Poison            Fire/Tmut/Pois 0%         N/A       75%         3
 Fulminant Prism          Conj/Hex       0%         3d6       98%         4
 Iskenderun's Mystic Bla  Conj/Tloc      0%         2d3       98%         4
 Sticky Flame             Conj/Fire      0%         2d3       98%         4
 Lee's Rapid Deconstruct  Erth           0%         3d5*      100%        5


Dungeon Overview and Level Annotations

Branches:
Dungeon (6/15)
 Temple: D:4-7

Altars:
Cheibriados
Trog
Wu Jian
Xom

Annotations:
D:5 Duvessa


Innate Abilities, Weirdness & Mutations

You are a tree.
Your roots penetrate the ground, keeping you stationary.
You cannot be teleported.
You are immune to unholy pain and torment.
Your maximum health is greatly increased.
Your equipment is partially melded.
((You have a pair of small antennae on your head.))
((You have sharp fingernails.))
Spells you cast may paralyse adjacent enemies.
((You have a small tail.))


Message History

You hit Dowan. You drain Dowan.
You kill Dowan!
Duvessa screams in rage.
Duvessa goes berserk!
You barely miss Duvessa.
You feel very sick. Duvessa hits you with a +0 short sword.
You hit Duvessa. You drain Duvessa.
Duvessa is lightly wounded.
You feel very sick. Duvessa hits you with a +0 short sword.
Duvessa hits you with a +0 short sword!
Really quaff the potion of lignification?
You turn into a tree.
Your +0 pair of gloves melds into your body.
Your +0 scale mail melds into your body.
Your roots penetrate the ground.
You feel sick. Duvessa hits you but does no damage.
You hit Duvessa.
Duvessa is moderately wounded.
You feel sick. Duvessa hits you with a +0 short sword!
* * * LOW HITPOINT WARNING * * *
Duvessa hits you but does no damage.
You feel better. Duvessa hits you but does no damage.
You barely miss Duvessa.
Duvessa is moderately wounded.
Duvessa hits you with a +0 short sword!
* * * LOW HITPOINT WARNING * * *
Duvessa hits you but does no damage.
You closely miss Duvessa.
Duvessa is moderately wounded.
Duvessa hits you with a +0 short sword.
* * * LOW HITPOINT WARNING * * *
Duvessa hits you with a +0 short sword!
* * * LOW HITPOINT WARNING * * *
You closely miss Duvessa.
Duvessa is moderately wounded.
Duvessa hits you but does no damage.
You hit Duvessa.
Duvessa is moderately wounded.
Duvessa hits you with a +0 short sword!
You die...

#.. ....
....... .
...... ..
#.#..
#.####...
#.......
#....)e#
#..♣## #.#..##
#.#...# #
.#.#.#
#.#..#.####
#.#.##....##..
#...........#
##.######.###
#..# .#


You could see Duvessa (berserk, drained).

Vanquished Creatures
  A sky beast (D:6)
  2 black bears
  2 ogres (D:4)
  A centaur (D:6)
  A phantom (D:4)
  Dowan (D:5)
  A howler monkey (D:4)
  2 hounds
  2 iguanas (D:6)
  Robin (D:3)
  A gnoll (D:1)
  5 adders
  A worm (D:3)
  A dart slug (D:1)
  5 bats
  9 endoplasms
  2 giant cockroaches
  11 goblins
  8 hobgoblins
  8 jackals (D:3)
  2 quokkas (D:2)
  10 ball pythons
  4 frilled lizards
  5 kobolds
  6 rats
92 creatures vanquished.

Notes
Turn   | Place    | Note
-------+----------+-------------------------------------------
     0 | D:1      | dolemite99 the Demonspawn Gladiator began the quest for the
                  | Orb.
     0 | D:1      | Reached XP level 1. HP: 16/16 MP: 1/1
   249 | D:1      | Reached skill level 3 in Axes
   250 | D:1      | Discovered your monstrous ancestry.
   250 | D:1      | Gained mutation: You have a small tail. [demonic ancestry]
   250 | D:1      | Reached XP level 2. HP: 22/22 MP: 2/2
   782 | D:1      | Reached XP level 3. HP: 25/27 MP: 3/3
  1116 | D:1      | Reached skill level 4 in Axes
  1930 | D:2      | Gained mutation: You have sharp fingernails. [demonic
                  | ancestry]
  1930 | D:2      | Reached XP level 4. HP: 33/33 MP: 4/4
  2372 | D:3      | Found a shimmering altar of Xom.
  2439 | D:3      | Noticed a black bear
  2455 | D:3      | Killed a black bear
  2456 | D:3      | Reached skill level 5 in Axes
  2456 | D:3      | Gained mutation: Spells you cast may paralyse adjacent
                  | enemies. [demonic ancestry]
  2456 | D:3      | Reached XP level 5. HP: 22/38 MP: 5/5
  2824 | D:3      | Noticed Robin
  2835 | D:3      | Killed Robin
  3483 | D:4      | Noticed an ogre
  3489 | D:4      | Killed an ogre
  3490 | D:4      | Reached skill level 6 in Axes
  3490 | D:4      | Reached XP level 6. HP: 44/44 MP: 6/6
  3577 | D:4      | Reached skill level 7 in Axes
  4024 | D:4      | Identified the +7 swamp dragon scales "Haploaz" {rPois
                  | Slay+5}
  4053 | D:4      | Gained mutation: You have a pair of small antennae on your
                  | head. [demonic ancestry]
  4053 | D:4      | Reached XP level 7. HP: 43/50 MP: 7/7
  4190 | D:4      | You fall into a shaft and drop 2 floors!
  5036 | D:6      | Reached skill level 8 in Axes
  5236 | D:6      | Found a bloodstained altar of Trog.
  5238 | D:6      | Found a snail-covered altar of Cheibriados.
  5239 | D:6      | Identified the +7 rapier "Yvuhent" {vorpal, Int+5}
  5349 | D:5      | Entered Level 5 of the Dungeon
  5410 | D:5      | Found an ornate altar of the Wu Jian Council.
  5519 | D:5      | Noticed Dowan
  5525 | D:5      | Noticed Duvessa
  5530 | D:5      | Killed Dowan
  5538 | D:5      | Slain by Duvessa

Illustrated notes

Levels and vault maps discovered:
D:1:      dpeg_cavernosity, layout_loops_ring, serial_glass, glass_columns_b,
          glass_columns_a, minmay_strange_pillars, item_on_display_a
D:2:      layout_basic, minivault_4
D:3:      layout_basic, mainiacjoe_overflow_tiny_flanked, roderic_filled_cross,
          uniq_robin
D:4:      layout_basic
D:5:      layout_rooms, nzn_wu_jian_contemplation,
          nicolae_ru_great_annihilating_truth, nrook_uturn, uniq_duvessa
D:6:      layout_basic, mainiacjoe_overflow_concentric_impassable,
          mainiacjoe_overflow_catwalk_spiral, portal_sewer_entry_c

Skill      XL: |  1  2  3  4  5  6  7 |
---------------+----------------------+-----
Axes           | 3 4 5 6 7 8 |  8.8
Fighting       | |  2.0
Throwing       | |  1.7
Dodging        | |  2.6

Action                   |  1- 3 |  4- 6 |  7- 9 || total
-------------------------+-------+-------+-------++-------
Melee: War axe           |    87 |    94 |    54 ||   235
       Tailslap          |     8 |    12 |     5 ||    25
       Punch             |     2 |       |       ||     2
  Use: Potion            |     1 |     1 |     2 ||     4
       Scroll            |     1 |     7 |     4 ||    12
Armor: Leather armour    |    20 |       |       ||    20
       Scale mail        |    30 |    58 |    30 ||   118
       Skin              |       |       |     5 ||     5
Dodge: Dodged            |    66 |    82 |    25 ||   173

Table legend: (Time is in decaauts)
 A = Elapsed time spent in this place.
 B = Non-inter-level travel time spent in this place.
 C = Inter-level travel time spent in this place.
 D = Time resting spent in this place.
 E = Time spent auto-exploring this place.
 F = Levels seen in this place.
 G = Mean time per level.
                   A        B        C        D        E       F      G
               +--------+--------+--------+--------+--------+-----+--------+
         Total |   5591 |   5467 |    124 |   1718 |   2958 |   6 |  931.8 |
       Dungeon |   5591 |   5467 |    124 |   1718 |   2958 |   6 |  931.8 |
               +--------+--------+--------+--------+--------+-----+--------+

Top non-repeatable levels by time:
     D:3: 1305 daAuts
     D:1: 1227 daAuts
     D:6: 1162 daAuts
     D:2: 985 daAuts
     D:4: 720 daAuts
     D:5: 190 daAuts
